 Dungeon Crawl Stone Soup version 0.29-a0-453-gf113fcf677 (webtiles) character file.

Game seed: 8967660780357144449

1 Bruhh the Chopper (level 1, -2/22 HPs)
             Began as an Ogre Gladiator on May 20, 2022.
             Slain by a quokka (4 damage)
             ... on level 1 of the Dungeon.
             The game lasted 00:00:37 (25 turns).

Bruhh the Chopper (Ogre Gladiator)                    Turns: 25, Time: 00:00:38

Health: -2/22      AC:  3    Str: 17    XL:     1   Next: 20%
Magic:  1/1        EV: 10    Int:  9    God:
Gold:   0          SH:  0    Dex: 10    Spells: 0/0 levels left

rFire   . . .      SeeInvis .   a - +0 war axe
rCold   . . .      Faith    .   (no shield)
rNeg    . . .      Spirit   .   b - +0 robe
rPois   .          Reflect  .   c - +0 hat
rElec   .          Harm     .   (no cloak)
rCorr   .          Rampage  .   (gloves unavailable)
Will    .....                   (boots unavailable)
Stlth   +.........              (no amulet)
HPRegen 0.07/turn               (no ring)
MPRegen 0.07/turn               (no ring)

@: no status effects
A: large, unfitting armour, tough skin 1
a: no special abilities


You were on level 1 of the Dungeon.
You visited 1 branch of the dungeon, and saw 1 of its levels.

Inventory:

Hand Weapons
 a - a +0 war axe (weapon)
Missiles
 d - 3 throwing nets (quivered)
 e - a large rock
Armour
 b - a +0 robe (worn)
 c - a +0 hat (worn)
Scrolls
 f - a scroll of fear {unknown}


   Skills:
 + Level 2.8 Fighting
 + Level 3.0 Axes
 - Level 2.0 Throwing
 - Level 2.6 Dodging


You couldn't memorise any spells.
You didn't know any spells.
Your spell library was empty.

Dungeon Overview and Level Annotations

Branches:
Dungeon (1/15)

Altars:


Innate Abilities, Weirdness & Mutations

You are too large for most types of armour.
You have tough skin. (AC +1)


Message History

The kobold is severely wounded.
You hit the endoplasm. The endoplasm freezes you.
You are frozen.
The kobold hits you with a +1 vampiric dagger.
You closely miss the kobold.
The kobold is severely wounded.
You slash the endoplasm!
You kill the endoplasm!
You closely miss the goblin. The goblin hits you with a +0 club.
The kobold hits you but does no damage.
You closely miss the kobold.
The kobold is severely wounded.
You hit the goblin but do no damage. The goblin hits you with a +0 club.
The kobold misses you. The kobold barely misses you.
You are too injured to fight recklessly!
Unknown command.
You are too injured to fight recklessly!
You are too injured to fight recklessly!
You are too injured to fight recklessly!
Unknown command.
The quokka attacks as you move away! The quokka bites you.
Found a stone staircase leading down.
The kobold attacks as you move away! The kobold barely misses you.
The goblin hits you with a +0 club.
* * * LOW HITPOINT WARNING * * *
A goblin comes into view.
It is wielding a +1 dagger of electrocution.
The goblin shouts!
The quokka misses you. The bat barely misses you.
The kobold attacks as you move away!
The kobold hits you with a +1 vampiric dagger.
* * * LOW HITPOINT WARNING * * *
The kobold draws strength from your wounds!
The quokka attacks as you move away! The quokka closely misses you.
The bat closely misses you. The goblin attacks as you move away!
The goblin hits you with a +0 club.
* * * LOW HITPOINT WARNING * * *
The bat hits you but does no damage. The quokka attacks as you move away!
The quokka bites you.
You die...

#.....!.#.....#..≈..#..
#.......#8..≈....≈....≈
#....##...≈..≈≈≈..≈.
#....#.....≈≈≈≈≈≈≈..
#........≈≈≈≈...≈≈≈≈
##......≈≈≈≈≈..<..≈≈≈
##...g.....≈≈≈≈...≈≈≈≈
..#..Kr.g#.....≈≈≈≈≈≈≈..
.......b@$##...≈..≈≈≈..≈.
#.....###.#8!.≈....≈....≈
#..#.. #.#.....#..≈..#..
#>.#.. ......####...####
#. g.. .#..### ##.## ...
###


You could see a quokka, a hobgoblin, a goblin, a bat and a kobold.

Vanquished Creatures
  An endoplasm (D:1)
1 creature vanquished.

Notes
Turn   | Place    | Note
-------+----------+-------------------------------------------
     0 | D:1      | Bruhh the Ogre Gladiator began the quest for the Orb.
     0 | D:1      | Reached XP level 1. HP: 22/22 MP: 1/1
    25 | D:1      | Slain by a quokka

Illustrated notes

Levels and vault maps discovered:
D:1:      eino_arrival_water_star, layout_rooms

Action                   || total
-------------------------++-------
Melee: War axe           ||     5
Armor: Robe              ||     5
Dodge: Dodged            ||    10

Table legend: (Time is in decaauts)
 A = Elapsed time spent in this place.
 B = Non-inter-level travel time spent in this place.
 C = Inter-level travel time spent in this place.
 D = Time resting spent in this place.
 E = Time spent auto-exploring this place.
 F = Levels seen in this place.
 G = Mean time per level.
                   A        B        C        D        E       F      G
               +--------+--------+--------+--------+--------+-----+--------+
         Total |     28 |     28 |      0 |      0 |      7 |   1 |   28.0 |
       Dungeon |     28 |     28 |      0 |      0 |      7 |   1 |   28.0 |
               +--------+--------+--------+--------+--------+-----+--------+

Top non-repeatable levels by time:
     D:1: 28 daAuts
